 Dungeon Crawl Stone Soup version 0.31-a0-196-g86fe4a5e66 (webtiles) character file.

Game seed: 3047095083631665542

15708 qw the Markself (level 12, 0/68 HPs)
             Began as a Deep Elf Hunter on June 24, 2023.
             Was an Elder of Okawaru.
             Slain by a black mamba (12 damage)
             ... on level 3 of the Lair of Beasts.
             The game lasted 00:03:16 (9180 turns).

qw the Markself (Deep Elf Hunter)                   Turns: 9180, Time: 00:03:17

Health: 0/68       AC: 13    Str: 12    XL:     12   Next: 3%
Magic:  19/21      EV: 24    Int: 19    God:    Okawaru [****..]
Gold:   412        SH:  0    Dex: 29    Spells: 11/11 levels left

rFire   + . .        Y - +2 longbow (heavy)
rCold   . . .        (shield currently unavailable)
rNeg    + . .        m - +2 ring mail {Will+}
rPois   .            i - +2 hat "Paorchur" {rN+ Int+3 Dex+5}
rElec   .            (no cloak)
rCorr   .            (no gloves)
SInv    .            n - +2 pair of boots
Will    ++...        p - amulet of faith
Stlth   +++          g - +6 ring of dexterity
HPRegen 0.31/turn    h - ring of protection from fire
MPRegen 0.17/turn

%: faith
@: lethally poisoned (0 -> -17), heroic, marked
A: no striking features
a: Renounce Religion, Heroism, Finesse


You were on level 3 of the Lair of Beasts.
You worshipped Okawaru.
Okawaru was greatly pleased with you.
You visited 3 branches of the dungeon, and saw 13 of its levels.

You collected 626 gold pieces.
You spent 214 gold pieces at shops.


   Skills:
 - Level 5.0(10.0) Fighting
 - Level 19.0(24.0) Ranged Weapons
 - Level 2.0(7.0) Armour
 + Level 9.6(14.6) Dodging
 - Level 1.2(6.2) Stealth
 + Level 9.7 Invocations


You had 11 spell levels left.
You didn't know any spells.
Your spell library was empty.

Inventory:

Hand Weapons
 Y - a +2 heavy longbow (weapon)
Armour
 f - a +0 pair of gloves
 i - the +2 hat "Paorchur" (worn) {rN+ Int+3 Dex+5}
   (You acquired it on level 2 of the Dungeon)

   Int:       It affects your intelligence (+3).
   Dex:       It affects your dexterity (+5).
   rN:        It protects you from negative energy.
 m - a +2 ring mail of willpower (worn)
 n - a +2 pair of boots (worn)
Jewellery
 g - a +6 ring of dexterity (left hand)
 h - a ring of protection from fire (right hand)
 p - an amulet of faith (around neck)
 s - an amulet of reflection
 u - a +2 ring of protection
Wands
 k - a wand of digging (9)
Scrolls
 a - 6 scrolls of teleportation
 d - 5 scrolls of identify
Potions
 b - a potion of haste
 c - a potion of magic
 e - 4 potions of enlightenment
 j - 5 potions of mutation
 l - 2 potions of might
 o - 3 potions of curing
 q - a potion of heal wounds

Dungeon Overview and Level Annotations

Branches:
Dungeon (9/15)             Temple (1/1) D:4            Lair (3/5) D:9
  Snake (0/4) Lair:3          Orc (0/2) D:9
  Swamp: Lair:2-3    Shoals: Lair:2-3

Altars:
Cheibriados
Dithmenos
Elyvilon
Fedhas
Gozag
Hepliaklqana
Kikubaaqudgha
Makhleb
Nemelex Xobeh
Okawaru
Qazlal
Ru
Trog
Uskayaw
Vehumet
Wu Jian
Xom
Yredelemnul
Zin
The Shining One

Shops:
D:2 *   D:6 =

Portals:
Bailey: D:8


Message History

The black mamba is severely wounded.
You shoot an arrow.
The arrow closely misses the black mamba.
The black mamba bites you. The black mamba completely misses you.
The black mamba closely misses you.
You shoot an arrow.
The arrow barely misses the black mamba.
The black mamba misses you.
A cane toad comes into view.
A black mamba comes into view.
You shoot an arrow. The arrow hits the black mamba.
The black mamba is almost dead.
The black mamba bites you.
The black mamba bites you but does no damage.
The black mamba bites you!
9177 ||| INVOKING Heroism.
You gain the combat prowess of a mighty hero.
The black mamba closely misses you.
The black mamba bites you but does no damage.
A blink frog comes into view.
The black mamba closely misses you. The black mamba completely misses you.
You shoot an arrow. The arrow hits the black mamba!!
You kill the black mamba!
Okawaru accepts your kill. The black mamba bites you!
The black mamba misses you. The cane toad closely misses you.
You shoot an arrow. The arrow hits the cane toad!!
The cane toad is almost dead.
The black mamba bites you!
A blink frog comes into view.
The cane toad closely misses you.
A water moccasin comes into view.
The black mamba bites you!
You are lethally poisoned!
The black mamba poisons you!
You shoot an arrow. The arrow hits the cane toad.
You kill the cane toad!
Okawaru accepts your kill.
You feel very sick. The black mamba bites you!
You die...

## ######
##.####.##.##
##.....>.....##
..## ..#..#.......#
#.#.##.# #..###...#
..#.#..###..###S..#
.....#..###..##.@##
........##...##..#
............###...
..#.....#..#.#...##
...#.....#.#....F#
....#............S
>.P.<#..........F.
.#...####..P###..#
###...# ##### ...


You could see a black mamba, 2 blink frogs and a water moccasin.

Vanquished Creatures
  2 death yaks (Lair:3)
  3 two-headed ogres (D:8)
  An oklob plant (Lair:2)
  3 elephants (Lair:2)
  A gargoyle (D:8)
  3 black mambas
  2 torpor snails
  4 cane toads
  4 komodo dragons
  A polar bear (Lair:2)
  5 blink frogs
  3 dream sheep (Lair:2)
  14 yaks
  A basilisk (Lair:1)
  A steam dragon (D:8)
  11 water moccasins
  4 orc warriors
  An ice beast (D:7)
  A sky beast (D:7)
  3 black bears
  2 ogres
  3 wolves (Lair:2)
  2 centaurs
  2 kobold brigands
  8 bullfrogs
  2 scorpions (D:6)
  A howler monkey (D:5)
  An electric eel (D:8)
  2 hounds
  5 orc priests
  A jelly (D:5)
  2 iguanas (D:6)
  A sleepcap (D:4)
  2 orc wizards
  11 gnolls
  7 adders
  An ufetubus (D:6)
  A worm (D:2)
  3 dart slugs
  18 orcs
  3 ball pythons
  A bat (D:3)
  4 endoplasms
  3 giant cockroaches
  5 goblins
  6 hobgoblins
  2 jackals (D:4)
  17 kobolds
  3 quokkas
  15 frilled lizards
  4 rats
206 creatures vanquished.

Notes
Turn   | Place    | Note
-------+----------+-------------------------------------------
     0 | D:1      | qw the Deep Elf Hunter began the quest for the Orb.
     0 | D:1      | Reached XP level 1. HP: 12/12 MP: 3/3
     0 | D:1      | 0 ||| qw: Version: 0.3-a-9-g12657ce
     0 | D:1      | 0 ||| qw: Game counter: 4842
     0 | D:1      | 0 ||| qw: Always use a shield: true
     0 | D:1      | 0 ||| qw: God list: Okawaru
     0 | D:1      | 0 ||| qw: Allow faded altars: false
     0 | D:1      | 0 ||| qw: Do Orc after D:15 true
     0 | D:1      | 0 ||| qw: Do second Lair branch before Depths: true
     0 | D:1      | 0 ||| qw: Lair rune preference: random
     0 | D:1      | 0 ||| qw: Plans: Normal
     0 | D:1      | 0 ||| PLANNING D:1-11
   270 | D:1      | Reached XP level 2. HP: 16/16 MP: 4/4
   280 | D:1      | Reached skill level 6 in Ranged Weapons
   788 | D:1      | 788 ||| UPGRADING to +6 ring of dexterity.
   789 | D:1      | 789 ||| UPGRADING to ring of protection from fire.
   790 | D:1      | 790 ||| READING scroll labelled DODAAL ARYVA.
   791 | D:1      | 791 ||| READING scroll labelled WURUTI ZEOZOH.
   792 | D:1      | 792 ||| DROPPING scroll of butterflies.
   854 | D:2      | Reached XP level 3. HP: 20/20 MP: 5/5
   857 | D:2      | Reached skill level 7 in Ranged Weapons
   899 | D:2      | Reached skill level 3 in Dodging
   965 | D:2      | Reached XP level 4. HP: 23/25 MP: 6/6
  1048 | D:2      | Found Kainomuc's Assorted Antiques.
  1053 | D:2      | 1053 ||| SHOPLISTING heavily runed jade ring (140 gold,
                  | have 93).
  1053 | D:2      | 1053 ||| BUYING scroll labelled ANIGEE BUTORCH (28 gold).
  1053 | D:2      | Bought a scroll labelled ANIGEE BUTORCH for 28 gold pieces
  1053 | D:2      | 1053 ||| BUYING scroll labelled LIOSUN FEIP (28 gold).
  1053 | D:2      | Bought a scroll labelled LIOSUN FEIP for 28 gold pieces
  1053 | D:2      | 1053 ||| BUYING scroll labelled PUOWEUVVUTUA (28 gold).
  1053 | D:2      | Bought a scroll labelled PUOWEUVVUTUA for 28 gold pieces
  1053 | D:2      | 1053 ||| SHOPLISTING scroll labelled TESU ZAWAURR (28 gold,
                  | have 9).
  1053 | D:2      | 1053 ||| SHOPLISTING viscous amethyst potion (25 gold, have
                  | 9).
  1191 | D:2      | Found a snail-covered altar of Cheibriados.
  1222 | D:2      | 1222 ||| UPGRADING to amulet of guardian spirit.
  1227 | D:2      | 1227 ||| READING 3 scrolls labelled PUOWEUVVUTUA.
  1228 | D:2      | 1228 ||| READING scroll labelled ANIGEE BUTORCH.
  1229 | D:2      | 1229 ||| READING scroll labelled LIOSUN FEIP.
  1229 | D:2      | 1229 ||| ACQUIRING +2 hat "Paorchur" {rN+ Int+3 Dex+5}
  1229 | D:2      | Acquired the +2 hat "Paorchur" {rN+ Int+3 Dex+5}
  1231 | D:2      | 1231 ||| UPGRADING to +2 hat "Paorchur" {rN+ Int+3 Dex+5}.
  1236 | D:2      | 1236 ||| READING scroll labelled ZECEIDWAHOFA.
  1237 | D:2      | 1237 ||| DRINKING 2 sedimented coppery potions.
  1238 | D:2      | 1238 ||| READING 2 scrolls of identify.
  1238 | D:2      | 1238 ||| IDENTIFYING clear potion
  1239 | D:2      | 1239 ||| DROPPING potion of magic.
  1290 | D:3      | 1290 ||| Stepping ~*~*~tactically~*~*~ (outnumbered).
  1304 | D:3      | Reached skill level 8 in Ranged Weapons
  1305 | D:3      | HP: 1/25 [gnoll/+0 flail (8)]
  1541 | D:3      | Reached XP level 5. HP: 29/29 MP: 7/7
  1605 | D:3      | 1605 ||| READING scroll labelled LIYHYTHRIFE.
  1616 | D:3      | 1616 ||| READING 2 scrolls of identify.
  1616 | D:3      | 1616 ||| IDENTIFYING smoky blue potion
  1643 | D:3      | Found an opulent altar of Gozag.
  2175 | D:3      | 2175 ||| UPGRADING to +0 leather armour of poison
                  | resistance.
  2185 | D:3      | 2185 ||| DROPPING +0 leather armour.
  2186 | D:3      | 2186 ||| READING scroll labelled MYEMYCVIUWA.
  2187 | D:3      | 2187 ||| READING 2 scrolls of identify.
  2187 | D:3      | 2187 ||| IDENTIFYING grey potion
  2188 | D:3      | 2188 ||| DROPPING potion of degeneration.
  2227 | D:4      | 2227 ||| SWAPPING to +0 longbow.
  2228 | D:4      | 2228 ||| DROPPING +0 shortbow.
  2321 | D:4      | Identified the +0 helmet of Osmeikk {*Slow +Inv Will++
                  | Regen+}
  2394 | D:4      | Found a staircase to the Ecumenical Temple.
  2395 | D:4      | 2395 ||| PLANNING TEMPLE
  2395 | D:4      | 2395 ||| DROPPING +0 helmet of Osmeikk {*Slow +Inv Will++
                  | Regen+}.
  2396 | D:4      | 2396 ||| READING scroll labelled NOCUSTR NEIHU.
  2397 | D:4      | 2397 ||| READING 2 scrolls of identify.
  2397 | D:4      | 2397 ||| IDENTIFYING blue potion
  2406 | D:4      | 2406 ||| Stepping ~*~*~tactically~*~*~ (outnumbered).
  2418 | Temple   | Entered the Ecumenical Temple
  2471 | Temple   | 2471 ||| PLANNING OKAWARU WORSHIP
  2621 | Temple   | Became a worshipper of Warmaster Okawaru
  2622 | Temple   | 2622 ||| PLANNING D:1-11
  2622 | Temple   | 2622 ||| REMOVING amulet of guardian spirit.
  2627 | Temple   | 2627 ||| DROPPING amulet of guardian spirit.
  2781 | D:4      | Reached XP level 6. HP: 34/34 MP: 8/8
  2789 | D:4      | Reached skill level 9 in Ranged Weapons
  2817 | D:4      | Found a shimmering altar of Xom.
  2916 | D:4      | Found a shadowy altar of Dithmenos.
  3237 | D:4      | 3237 ||| READING scroll labelled KYUREIG IDGHUM.
  3238 | D:4      | 3238 ||| READING 2 scrolls of identify.
  3238 | D:4      | 3238 ||| IDENTIFYING silvery potion
  3288 | D:5      | Entered Level 5 of the Dungeon
  3300 | D:5      | Found a basalt altar of Yredelemnul.
  3733 | D:5      | Reached skill level 10 in Ranged Weapons
  3993 | D:5      | 3993 ||| UPGRADING to +0 pair of boots.
  3998 | D:5      | 3998 ||| READING 2 scrolls labelled DABOIC HOESKEA.
  4016 | D:6      | Reached XP level 7. HP: 40/40 MP: 9/9
  4080 | D:6      | Reached * piety under Okawaru
  4312 | D:6      | Reached skill level 11 in Ranged Weapons
  4330 | D:6      | 4330 ||| INVOKING Heroism.
  4340 | D:6      | Reached skill level 6 in Dodging
  4340 | D:6      | Reached skill level 1 in Invocations
  4516 | D:6      | Found an ancient bone altar of Kikubaaqudgha.
  4517 | D:6      | Found a sacrificial altar of Ru.
  4583 | D:6      | Found Viwnijun's One-of-a-Kind Rings.
  4592 | D:6      | 4592 ||| BUYING +2 ring of protection (130 gold).
  4592 | D:6      | Bought a +2 ring of protection for 130 gold pieces
  4592 | D:6      | 4592 ||| SHOPLISTING +9 ring of slaying (2934 gold, have
                  | 110).
  4592 | D:6      | 4592 ||| SHOPLISTING ring "Xuplem" {rElec rPois Str+2 Int+6
                  | Dex+3} (841 gold, have 110).
  4592 | D:6      | 4592 ||| SHOPLISTING ring of Texkyidd {Ice rN+ Str+3} (552
                  | gold, have 110).
  4753 | D:6      | 4753 ||| DROPPING +0 scale mail.
  4754 | D:6      | 4754 ||| UPGRADING to amulet of reflection.
  4759 | D:6      | 4759 ||| DROPPING ring of resist corrosion.
  4760 | D:6      | 4760 ||| READING scroll labelled RECLIS KUYKH.
  4861 | D:6      | 4861 ||| READING 4 scrolls of identify.
  4861 | D:6      | 4861 ||| IDENTIFYING murky golden potion
  4862 | D:6      | 4862 ||| READING 3 scrolls of identify.
  4862 | D:6      | 4862 ||| IDENTIFYING viscous amethyst potion
  4863 | D:6      | 4863 ||| READING 2 scrolls of identify.
  4863 | D:6      | 4863 ||| IDENTIFYING fizzy red potion
  4864 | D:6      | 4864 ||| DROPPING potion of invisibility.
  5028 | D:6      | 5028 ||| READING scroll labelled YREOTZIKYD.
  5105 | D:7      | Reached XP level 8. HP: 44/44 MP: 11/11
  5281 | D:7      | Reached skill level 3 in Invocations
  5474 | D:7      | 5474 ||| READING scroll labelled TESU ZAWAURR.
  5475 | D:7      | 5475 ||| READING scroll labelled EHIAPR UPRI.
  5478 | D:7      | 5478 ||| INVOKING Heroism.
  5626 | D:7      | 5626 ||| READING 2 scrolls of identify.
  5626 | D:7      | 5626 ||| IDENTIFYING emerald potion
  5627 | D:7      | 5627 ||| DROPPING potion of attraction.
  5653 | D:8      | 5653 ||| INVOKING Heroism.
  5655 | D:8      | Reached skill level 12 in Ranged Weapons
  5664 | D:8      | 5664 ||| STAIRDANCE
  5760 | D:8      | 5760 ||| INVOKING Heroism.
  5763 | D:8      | Reached skill level 3 in Fighting
  5809 | D:8      | Noticed a two-headed ogre
  5809 | D:8      | Found the +6 shillelagh "Devastator" {shatter}
  5810 | D:8      | 5810 ||| INVOKING Heroism.
  5821 | D:8      | 5821 ||| DRINKING 2 sapphire potions.
  5824 | D:8      | Noticed a gargoyle
  5827 | D:8      | Killed a two-headed ogre
  5827 | D:8      | Reached ** piety under Okawaru
  5827 | D:8      | Noticed a two-headed ogre
  5828 | D:8      | Reached skill level 13 in Ranged Weapons
  5828 | D:8      | Reached XP level 9. HP: 50/50 MP: 14/14
  5830 | D:8      | Killed a gargoyle
  5834 | D:8      | Killed a two-headed ogre
  5834 | D:8      | Reached *** piety under Okawaru
  5835 | D:8      | Reached skill level 14 in Ranged Weapons
  5837 | D:8      | Noticed a two-headed ogre
  5840 | D:8      | 5840 ||| INVOKING Heroism.
  5849 | D:8      | Killed a two-headed ogre
  5850 | D:8      | Reached skill level 9 in Dodging
  6028 | D:8      | 6028 ||| FLEEEEING.
  6029 | D:8      | 6029 ||| FLEEEEING.
  6030 | D:8      | 6030 ||| FLEEEEING.
  6031 | D:8      | 6031 ||| INVOKING Heroism.
  6036 | D:8      | Reached skill level 15 in Ranged Weapons
  6064 | D:8      | 6064 ||| INVOKING Heroism.
  6110 | D:8      | Found a burning altar of Makhleb.
  6207 | D:8      | Found a flagged portal.
  6368 | D:8      | 6368 ||| DROPPING ring of fire.
  6369 | D:8      | 6369 ||| READING scroll labelled POENWUPN RIATHRUASI.
  6370 | D:8      | 6370 ||| DROPPING potion of brilliance.
  6378 | D:9      | 6378 ||| Stepping ~*~*~tactically~*~*~ (outnumbered).
  6380 | D:9      | 6380 ||| Stepping ~*~*~tactically~*~*~ (outnumbered).
  6386 | D:9      | 6386 ||| Stepping ~*~*~tactically~*~*~ (outnumbered).
  6409 | D:9      | Found a blossoming altar of Fedhas.
  6427 | D:9      | Reached skill level 1 in Armour
  6427 | D:9      | Reached XP level 10. HP: 56/56 MP: 15/15
  6432 | D:9      | 6432 ||| INVOKING Heroism.
  6544 | D:9      | Found a staircase to the Orcish Mines.
  6556 | D:9      | 6556 ||| INVOKING Heroism.
  6559 | D:9      | 6559 ||| Stepping ~*~*~tactically~*~*~ (outnumbered).
  6561 | D:9      | 6561 ||| Stepping ~*~*~tactically~*~*~ (outnumbered).
  6704 | D:9      | Found a staircase to the Lair.
  6708 | D:9      | 6708 ||| INVOKING Heroism.
  6709 | D:9      | 6709 ||| Stepping ~*~*~tactically~*~*~ (outnumbered).
  6721 | D:9      | Reached skill level 16 in Ranged Weapons
  6810 | D:9      | 6810 ||| PLANNING LAIR
  6810 | D:9      | 6810 ||| UPGRADING to +2 ring mail of willpower.
  6820 | D:9      | 6820 ||| DROPPING +0 leather armour of poison resistance.
  6821 | D:9      | 6821 ||| DROPPING +3 leather armour.
  6861 | Lair:1   | Entered Level 1 of the Lair of Beasts
  6862 | Lair:1   | 6862 ||| INVOKING Heroism.
  6885 | Lair:1   | Reached **** piety under Okawaru
  7002 | Lair:1   | Noticed a cane toad
  7003 | Lair:1   | 7003 ||| INVOKING Heroism.
  7006 | Lair:1   | Killed a cane toad
  7007 | Lair:1   | Reached skill level 17 in Ranged Weapons
  7049 | Lair:1   | 7049 ||| INVOKING Heroism.
  7136 | Lair:1   | Noticed a black mamba
  7137 | Lair:1   | 7137 ||| INVOKING Heroism.
  7147 | Lair:1   | Killed a black mamba
  7373 | Lair:1   | 7373 ||| INVOKING Heroism.
  7401 | Lair:1   | Reached XP level 11. HP: 61/61 MP: 15/17
  7543 | Lair:1   | 7543 ||| READING scroll of enchant weapon.
  7543 | Lair:1   | 7543 ||| ENCHANTING +1 longbow of freezing.
  7699 | Lair:1   | 7699 ||| UPGRADING to amulet of faith.
  7709 | Lair:1   | 7709 ||| READING 4 scrolls of identify.
  7709 | Lair:1   | 7709 ||| IDENTIFYING fuming amethyst potion
  7710 | Lair:1   | 7710 ||| DROPPING potion of berserk rage.
  7778 | Lair:2   | 7778 ||| READING scroll of enchant armour.
  7778 | Lair:2   | 7778 ||| ENCHANTING +0 pair of boots.
  7788 | Lair:2   | 7788 ||| READING scroll of enchant armour.
  7788 | Lair:2   | 7788 ||| ENCHANTING +1 pair of boots.
  7845 | Lair:2   | Reached skill level 18 in Ranged Weapons
  7845 | Lair:2   | 7845 ||| INVOKING Heroism.
  7853 | Lair:2   | Reached skill level 6 in Invocations
  7856 | Lair:2   | HP: 15/61 [poisoned by a cane toad]
  7861 | Lair:2   | HP: 12/61 [poisoned by a cane toad]
  8045 | Lair:2   | 8045 ||| INVOKING Heroism.
  8074 | Lair:2   | 8074 ||| INVOKING Heroism.
  8255 | Lair:2   | 8255 ||| FLEEEEING.
  8256 | Lair:2   | 8256 ||| FLEEEEING.
  8257 | Lair:2   | 8257 ||| FLEEEEING.
  8258 | Lair:2   | 8258 ||| FLEEEEING.
  8259 | Lair:2   | 8259 ||| FLEEEEING.
  8260 | Lair:2   | 8260 ||| FLEEEEING.
  8281 | Lair:2   | Reached ***** piety under Okawaru
  8282 | Lair:2   | 8282 ||| FLEEEEING.
  8283 | Lair:2   | 8283 ||| FLEEEEING.
  8284 | Lair:2   | 8284 ||| FLEEEEING.
  8285 | Lair:2   | 8285 ||| FLEEEEING.
  8286 | Lair:2   | 8286 ||| FLEEEEING.
  8410 | Lair:2   | 8410 ||| INVOKING Heroism.
  8442 | Lair:2   | Received a gift from Okawaru
  8452 | Lair:2   | 8452 ||| INVOKING Heroism.
  8491 | Lair:2   | 8491 ||| INVOKING Heroism.
  8515 | Lair:2   | 8515 ||| INVOKING Heroism.
  8550 | Lair:2   | 8550 ||| READING scroll of brand weapon.
  8550 | Lair:2   | 8550 ||| BRANDING +2 longbow of freezing.
  8883 | Lair:2   | Found a blossoming altar of Fedhas.
  8897 | Lair:2   | Noticed an oklob plant
  8898 | Lair:2   | 8898 ||| INVOKING Heroism.
  8916 | Lair:2   | Killed an oklob plant
  9061 | Lair:3   | Found a staircase to the Snake Pit.
  9064 | Lair:3   | Noticed a death yak
  9064 | Lair:3   | Noticed a death yak
  9065 | Lair:3   | 9065 ||| INVOKING Heroism.
  9069 | Lair:3   | Killed a death yak
  9070 | Lair:3   | Reached skill level 9 in Invocations
  9078 | Lair:3   | Killed a death yak
  9080 | Lair:3   | Reached skill level 19 in Ranged Weapons
  9082 | Lair:3   | Reached XP level 12. HP: 54/68 MP: 21/21
  9101 | Lair:3   | 9101 ||| FLEEEEING.
  9103 | Lair:3   | 9103 ||| STAIRDANCE
  9177 | Lair:3   | 9177 ||| INVOKING Heroism.
  9180 | Lair:3   | HP: 12/68 [poisoned by a black mamba]
  9180 | Lair:3   | Slain by a black mamba

Levels and vault maps discovered:
D:1:      co_arrival_square_in_a_square_in_a_square, layout_basic
D:2:      layout_rooms, serial_shops, shop, basic_altar, minmay_lizard_king
D:3:      layout_loops_corners, nicolae_gozag_cash_rules_everything_around_me,
          dreamdust_mushroom_princess
D:4:      layout_loops_corners, lemuel_round_altar,
          mainiacjoe_overflow_boulevard, temple_fountains
D:5:      layout_layer_cave, mainiacjoe_overflow_six_doors_small
D:6:      layout_basic, gammafunk_temple_overflow_statue,
          nicolae_shop_unique_rings, mrwooster_statue_mirror,
          nicolae_fountain_basement
D:7:      layout_rooms, due_unseen_surprise
D:8:      layout_basic, overflow_temple_1_default, enter_bailey_3,
          eino_tiny_chamber, dilly_guarded_unrand_devastator
D:9:      layout_rooms, kennysheep_mini, david_lair_shrubbed, orc_0_dummy
Temple:   nicolae_temple_slightly_damp_pantheon
Lair:1:   layout_cave_pods, nicolae_quartered_pool_impasse
Lair:2:   layout_cave_pods, tgw_fedhas
Lair:3:   layout_loops_ring, palyth_hydra_swamp_entry, dummy_snake_entry,
          gammafunk_ghost_icy, uniq_prince_ribbit2

Skill      XL: |  1  2  3  4  5  6  7  8  9 10 11 |
---------------+----------------------------------+-----
Ranged Weapons | 6 7 8 10 11 13 15 17 19 | 19.0
Dodging        | 3 4 6 9 |  9.6
Fighting       | 2 3 4 5 |  5.0
Invocations    | 2 4 5 9 |  9.7
Armour         | 1 2 |  2.0
Stealth        | |  1.2

Action                     |  1- 3 |  4- 6 |  7- 9 | 10-12 || total
---------------------------+-------+-------+-------+-------++-------
   Fire: Shortbow          |    55 |    78 |       |       ||   133
         Longbow           |       |    48 |   121 |   260 ||   429
 Invoke: Heroism           |       |       |     8 |    18 ||    26
    Use: Scroll            |     2 |    14 |     9 |     5 ||    30
         Potion            |       |     1 |     1 |       ||     2
 Armour: Leather armour    |     1 |     5 |     4 |     2 ||    12
         Ring mail         |       |       |       |    15 ||    15
  Dodge: Dodged            |     5 |    24 |    39 |    73 ||   141
  Block: Other             |       |       |     6 |     8 ||    14
         Reflection        |       |       |     1 |     1 ||     2

Table legend:
 A = Non-vault XP
 B = Vault XP
 C = Vault XP percentage of total XP
 D = Non-vault monster count
 E = Vault monster count
 F = Vault count percentage of total count
                 A         B        C        D         E       F
            +---------+---------+-------+---------+---------+-------
      Total |   19059 |    3785 |  16.6 |     185 |      21 |  10.2
            +---------+---------+-------+---------+---------+-------
        D:1 |      23 |       0 |   0.0 |      13 |       0 |   0.0
        D:2 |      95 |      11 |  10.4 |      16 |      11 |  40.7
        D:3 |     111 |       0 |   0.0 |      19 |       0 |   0.0
        D:4 |     376 |       0 |   0.0 |      15 |       0 |   0.0
        D:5 |      98 |       0 |   0.0 |       3 |       0 |   0.0
        D:6 |     678 |       0 |   0.0 |      11 |       0 |   0.0
        D:7 |     738 |       0 |   0.0 |      13 |       0 |   0.0
        D:8 |     409 |    2880 |  87.6 |      11 |       8 |  42.1
        D:9 |    1791 |     367 |  17.0 |      28 |       1 |   3.4
     Lair:1 |    3856 |       0 |   0.0 |      16 |       0 |   0.0
     Lair:2 |    7260 |     527 |   6.8 |      31 |       1 |   3.1
     Lair:3 |    3624 |       0 |   0.0 |       9 |       0 |   0.0
            +---------+---------+-------+---------+---------+-------
